Cogmind - Beta 11 @@@ ROGUE MODE // 2022.04.20 @ 00:50:48 Player: aperiodic Result: Self-destructed Performance ------------- Evolutions (1) 500 Regions Visited (5) 1000 Robots Destroyed (47) 235 Value Destroyed (1113) 1113 Prototype IDs (28) 560 Alien Tech Used (0) 0 Bonus (489) 489 TOTAL SCORE: 3897 Bonus ------- High Alert Combat Kills 54 Follower Combat Kills 195 Aligned with FarCom 300 Friendly Fire -60 Cogmind --------- Core Integrity 51/400 Matter 261/300 Energy 280/280 System Corruption 4% Temperature Cool (0) Movement Treading (160) Location -9/Exiles Parts ------- > --- POWER (1) -------- Cooled Ion Engine > --- PROPULSION (2) --- Light Treads Light Treads > --- UTILITY (4) ------ Large Storage Unit Salvage Targeting Computer Light Armor Plating > --- WEAPON (2) ------- Improved Assault Rifle Maul > --- INVENTORY (15) --- Cooled Ion Engine Light Treads Wheel High-capacity Storage Unit Improved Medium Laser Rocket Launcher Peak State ------------ > --- POWER ------------ Cooled Ion Engine > --- PROPULSION ------- Light Treads Light Treads > --- UTILITY ---------- Experimental Heat Sink Large Storage Unit Salvage Targeting Computer Light Armor Plating > --- WEAPON ----------- Improved Assault Rifle Maul > --- INVENTORY -------- Cooled Ion Engine Light Treads Wheel High-capacity Storage Unit Improved Medium Laser Rocket Launcher [Rating: 22] Favorites ----------- Power Cooled Ion Engine Engine Cooled Ion Engine Propulsion Light Treads Treads Light Treads Wheel Compact Wheel Utility Light Armor Plating Device Heat Sink Storage Large Storage Unit Processor Salvage Targeting Computer Protection Light Armor Plating Weapon Improved Medium Laser Energy Gun Improved Medium Laser Ballistic Gun Autogun Ballistic Cannon Battle Cannon Launcher Rocket Launcher Special Weapon Mining Laser Impact Weapon Maul Slashing Weapon Mining Claw Build | -11 -10 -10 -9 -9 -9 ------- Run | Scr Mat Min Mat Min Exi Slots Evolved 2 | . . . 2 . . Power . | . . . . . . Propulsion . | . . . . . . Utility 2 | . . . 2 . . Weapon . | . . . . . . Parts Attached 78 | 6 5 11 44 1 11 Power 5 | 1 1 1 2 . . Engine 5 | 1 1 1 2 . . Core . | . . . . . . Reactor . | . . . . . . Propulsion 19 | 2 . 2 14 . 1 Treads 10 | . . . 9 . 1 Leg . | . . . . . . Wheel 9 | 2 . 2 5 . . Hover . | . . . . . . Flight . | . . . . . . Utility 23 | 1 2 5 9 . 6 Device 6 | . 1 3 . . 2 Storage 2 | 1 1 . . . . Processor 1 | . . . . . 1 Hackware . | . . . . . . Protection 14 | . . 2 9 . 3 Artifact . | . . . . . . Weapon 31 | 2 2 3 19 1 4 Energy Gun 7 | 1 1 1 3 1 . Energy Cannon . | . . . . . . Ballistic Gun 10 | 1 . 1 6 . 2 Ballistic Cannon 3 | . . . 3 . . Launcher 4 | . . . 3 . 1 Special Weapon 4 | . 1 . 3 . . Impact Weapon 1 | . . . . . 1 Slashing Weapon 2 | . . 1 1 . . Piercing Weapon . | . . . . . . Special Melee Weapon . | . . . . . . Unidentified Prototypes 5 | . . . 3 . 2 Corrupted Parts 2 | . . 1 . . 1 System Corruption 6 | . . 2 . . 4 Parts Lost 17 | . . 6 4 . 7 Power 1 | . . 1 . . . Propulsion 2 | . . 1 . . 1 Utility 8 | . . 2 2 . 4 Weapon 6 | . . 2 2 . 2 Highest Loss Streak 7 | . . 4 1 . 7 To Critical Strikes 3 | . . . . . 3 Average Slot Usage (%) 99 | . 98 99 98 100 99 Engine 11 | . 14 13 11 11 11 Treads 14 | . . . 16 22 22 Wheel 8 | . 28 27 5 . . Device 1 | . 12 4 . . . Storage 11 | . 14 14 11 11 11 Protection 25 | . . 9 32 33 30 Energy Gun 9 | . 26 8 3 11 8 Ballistic Gun 9 | . 1 9 9 11 11 Ballistic Cannon 2 | . . . 8 . . Slashing Weapon 1 | . . 9 . . . Naked Turns . | . . . . . . Heaviest Build 44 | 12 30 32 44 43 44 Greatest Support 40 | 26 26 32 40 40 40 Greatest Overweight (x) 3 | . 1 1 3 1 1 Average Overweight (x) . | . . . . 1 . Largest Inventory Capacity 15 | 8 15 15 15 15 15 Average Capacity 14 | 7 9 15 15 15 15 Most Carried 15 | 6 15 15 15 15 15 Average Carried 13 | 3 8 13 14 14 12 Final Capacity 15 | 8 15 15 15 15 15 Final Carried 15 | 6 15 14 15 15 6 Class Distribution -------------------- 58% | Scavenger-Mutant 41% | Mutant Dominant Class ---------------- Mutant | -10/Materials Mutant | -10/Mines Scavenger-Mutant | -9/Materials Scavenger-Mutant | -9/Mines Scavenger-Mutant | -9/Exiles Resources | -11 -10 -10 -9 -9 -9 ----------- Run | Scr Mat Min Mat Min Exi Matter Collected 1892 | 308 43 147 987 87 320 Remotely . | . . . . . . Salvage Created 1744 | 129 112 86 1264 17 136 Parts 92 | 9 10 4 62 4 3 Haulers Intercepted 3 | . . . 3 . . Recyclers Shooed 7 | . 1 . 6 . . Parts Field Recycled . | . . . . . . Retrieved Matter . | . . . . . . Parts Self-Destructed . | . . . . . . Prevented . | . . . . . . Kills | -11 -10 -10 -9 -9 -9 ------- Run | Scr Mat Min Mat Min Exi Combat Hostiles Destroyed 34 | . 1 4 25 . 4 Melee 1 | . . 1 . . . Guns 14 | . 1 3 9 . 1 Cannons 8 | . . . 8 . . AOE 11 | . . . 8 . 3 Classes Destroyed 11 | 3 3 1 4 . . Worker 2 | 1 1 . . . . Builder 2 | . 1 1 . . . Tunneler 3 | 2 . . . 1 . Hauler 3 | . . . 3 . . Recycler 6 | 1 . . 5 . . Operator 1 | . . . 1 . . Watcher 3 | . 2 . 1 . . Swarmer 3 | . . . 3 . . Grunt 18 | . 1 . 17 . . Sentry 5 | . . . 5 . . Assembled 7 | . . 4 . . 3 Best Kill Streak 6 | 2 2 2 6 1 3 Combat Bots Only 5 | . 1 2 5 . 3 Max Kills in Single Turn 2 | 1 1 1 2 1 2 Gunslinging . | . . . . . . Exploded 2 | . . . 2 . 2 Melee 1 | . . 1 . . . Uniques/NPCs Destroyed 1 | . . . . . 1 8R-AWN (-9/Exiles) Combat | -11 -10 -10 -9 -9 -9 -------- Run | Scr Mat Min Mat Min Exi Damage Taken 2729 | . 24 438 1164 9 1094 Core 410 | . 12 49 176 . 173 Absorbed by Shields . | . . . . . . Regen/Repaired (Parts) 220 | . . . 220 . . Core Remaining (%) 87 | 100 . 75 . . . Volleys Fired 182 | 17 8 17 94 1 45 Largest 2 | 2 2 2 2 2 2 Hottest 100 | 70 100 100 100 79 46 Shots Fired 321 | 34 15 23 175 2 72 Gun 237 | 34 14 22 97 2 68 Cannon 66 | . . . 66 . . Launcher 12 | . . . 8 . 4 Special 6 | . 1 1 4 . . Kinetic 224 | 17 . 7 131 1 68 Thermal 85 | 17 15 16 36 1 . Explosive 12 | . . . 8 . 4 Electromagnetic . | . . . . . . Robot Hit Streak 15 | 5 10 5 12 1 15 Robot Miss Streak 4 | 2 1 3 4 1 2 Penetration Max . | . . . . . . Secondary Targets 1 | . . 1 . . . Max Gunslinging Chain 1 | . . 1 . . . Shots Hit Robots 224 | 19 9 20 110 1 65 Core Hits 88 | 5 7 9 49 1 17 Critical Kills . | . . . . . . Critical Parts Destroyed 4 | . . . . . 4 Critical Strikes 16 | 1 3 2 4 . 6 Burn 8 | 1 3 2 2 . . Destroy 1 | . . . . . 1 Blast 2 | . . . 2 . . Smash 5 | . . . . . 5 Melee Attacks 23 | . . 11 2 . 10 Impact 10 | . . . . . 10 Slashing 13 | . . 11 2 . . Piercing . | . . . . . . Sneak Attacks . | . . . . . . Combat Hostiles . | . . . . . . Follow-up Attacks . | . . . . . . Damage Inflicted 4585 | 237 114 341 2495 17 1381 Guns 2333 | 237 114 172 937 17 856 Cannons 945 | . . . 945 . . Explosions 772 | . . . 558 . 214 Melee 507 | . . 145 51 . 311 Ramming 4 | . . . 4 . . Kinetic 2539 | 101 . 47 1518 17 856 Thermal 763 | 136 114 149 364 . . Explosive 772 | . . . 558 . 214 Electromagnetic . | . . . . . . Impact 311 | . . . . . 311 Slashing 196 | . . 145 51 . . Piercing . | . . . . . . Highest Corruption 24 | . . 24 . . 4 Average Corruption 19 | . . 20 . . 4 Corruption Purged . | . . . . . . Corruption Blocked . | . . . . . . Effects 35 | . . 35 . . . Message Errors 8 | . . 8 . . . Matter Fused 7 | . . 7 . . . Heat Flow Errors 4 | . . 4 . . . Energy Discharges 5 | . . 5 . . . Data Loss (minor) 9 | . . 9 . . . Data Loss (major) 1 | . . 1 . . . Weapon Failures 1 | . . 1 . . . Overload Shots . | . . . . . . Overflow Damage 206 | . . 2 15 . 189 Projectiles 15 | . . . 15 . . Explosions 30 | . . . . . 30 Melee 161 | . . 2 . . 159 Knockbacks 10 | . . . 8 . 2 Impact 2 | . . . . . 2 Kinetic 7 | . . . 7 . . Secondary 1 | . . . 1 . . Self-Inflicted Damage 14 | . . . . . 14 Shots 1 | . . . . . 1 Rammed 1 | . . . 1 . . Targets Rammed 1 | . . . 1 . . Kicked . | . . . . . . Crushed . | . . . . . . Highest Temperature 283 | 99 24 234 283 46 16 Average Temperature 54 | 37 9 78 59 28 7 Received Heat Transfer 531 | . 12 . 519 . . Effects 2 | . . . 2 . . Interference 2 | . . . 2 . . Siege Activations . | . . . . . . Robots Corrupted . | . . . . . . Combat Hostiles . | . . . . . . Parts Fried . | . . . . . . Impact Corruptions 5 | . . . . . 5 Robots Melted . | . . . . . . Combat Hostiles . | . . . . . . Parts Melted 4 | . 3 . 1 . . Heat Transferred 2529 | 481 555 568 925 . . Parts Sabotaged . | . . . . . . Parts Stolen . | . . . . . . Parts Stripped . | . . . . . . Power Chain Reactions . | . . . . . . Missiles Intercepted . | . . . . . . Alert | -11 -10 -10 -9 -9 -9 ------- Run | Scr Mat Min Mat Min Exi Peak Influence 638 | 20 105 29 638 253 . Initial 248 | . 13 6 11 248 . Average 155 | 5 52 8 324 125 . Maximum Alert Level 2 | . . . 2 1 . Low Security (%) 62 | 100 100 100 18 65 . Level 1 29 | . . . 56 34 . Level 2 8 | . . . 24 . . Level 3 . | . . . . . . Level 4 . | . . . . . . Level 5 . | . . . . . . High Security . | . . . . . . Max Security . | . . . . . . Squads Dispatched 7 | . 1 . 6 . . Investigation 1 | . . . 1 . . Extermination . | . . . . . . Reinforcement 6 | . 1 . 5 . . Assault . | . . . . . . Garrison . | . . . . . . Intercept . | . . . . . . Searches Triggered . | . . . . . . Construction Impeded . | . . . . . . Haulers Reinforced . | . . . . . . Active Scanning Responses . | . . . . . . Cargo Convoy Interrupts . | . . . . . . Stealth | -11 -10 -10 -9 -9 -9 --------- Run | Scr Mat Min Mat Min Exi Distress Signals 3 | . . 1 2 . . Communications Jammed . | . . . . . . Distress Signals . | . . . . . . Times Spotted 69 | . 8 5 48 3 5 Peak Tracking Total 8 | . 3 2 6 3 8 Tactical Retreats 3 | . 1 . 2 . . Traps | -11 -10 -10 -9 -9 -9 ------- Run | Scr Mat Min Mat Min Exi Traps Triggered . | . . . . . . Indirectly . | . . . . . . Trap Hack Attempts . | . . . . . . Triggered . | . . . . . . Disarmed . | . . . . . . Reprogrammed . | . . . . . . Reused . | . . . . . . Traps Extracted . | . . . . . . Installed . | . . . . . . Triggered . | . . . . . . Exploded 3 | . . . . . 3 Machines | -11 -10 -10 -9 -9 -9 ---------- Run | Scr Mat Min Mat Min Exi Machines Disabled 11 | . . . 9 . 2 Max in Single Turn 2 | . . . 2 . 1 Machines Sabotaged . | . . . . . . Garrisons Compromised . | . . . . . . Overloaded Fab Kills . | . . . . . . Hacking | -11 -10 -10 -9 -9 -9 --------- Run | Scr Mat Min Mat Min Exi Machines Accessed 9 | . . 1 6 . 2 Terminals 6 | . . 1 5 . . Fabricators . | . . . . . . Repair Stations 1 | . . . 1 . . Recycling Units . | . . . . . . Scanalyzers . | . . . . . . Garrison Access . | . . . . . . Total Hacks 28 | . . 2 24 . 2 Successful 17 | . . 1 14 . 2 Failed 11 | . . 1 10 . . Catastrophic 1 | . . 1 . . . Database Lockouts . | . . . . . . Manual 14 | . . 2 11 . 1 Terminals 18 | . . 2 16 . . Fabricators . | . . . . . . Repair Stations 8 | . . . 8 . . Recycling Units . | . . . . . . Scanalyzers . | . . . . . . Garrison Access . | . . . . . . Terminal Hacks 9 | . . 1 6 . 2 Record 1 | . . . . . 1 Robot Analysis 3 | . . 1 2 . . Terminal Index 1 | . . . 1 . . Unreport Threat 1 | . . . 1 . . Locate Traps 2 | . . . 2 . . EX-Prototype ID Bank 1 | . . . . . 1 Fabricator Hacks . | . . . . . . Repair Station Hacks 7 | . . . 7 . . Scan Component 4 | . . . 4 . . Repair 3 | . . . 3 . . Recycling Unit Hacks . | . . . . . . Scanalyzer . | . . . . . . Garrison Access Hacks . | . . . . . . Unauthorized Hacks 1 | . . . 1 . . Terminals 1 | . . . 1 . . Assimilate 1 | . . . 1 . . Fabricators . | . . . . . . Repair Stations . | . . . . . . Recycling Units . | . . . . . . Scanalyzers . | . . . . . . Garrison Access . | . . . . . . Data Cores Recovered . | . . . . . . Used . | . . . . . . Hacking Detections 7 | . . 1 6 . . Full Trace Events 1 | . . . 1 . . Feedback Events . | . . . . . . Feedback Blocked . | . . . . . . Robot Schematics Acquired . | . . . . . . Robots Built . | . . . . . . Authchips . | . . . . . . Time . | . . . . . . Total Robot Build Rating . | . . . . . . Part Schematics Acquired . | . . . . . . Parts Built . | . . . . . . Authchips . | . . . . . . Time . | . . . . . . Total Part Build Rating . | . . . . . . Parts Repaired 3 | . . . 3 . . Time 78 | . . . 78 . . Parts Recycled . | . . . . . . Recycled Matter . | . . . . . . Retrieved Matter . | . . . . . . Retrieved Components . | . . . . . . Parts Scanalyzed . | . . . . . . Part Schematics Acquired . | . . . . . . Parts Damaged . | . . . . . . Bothacking | -11 -10 -10 -9 -9 -9 ------------ Run | Scr Mat Min Mat Min Exi Used RIF Installer . | . . . . . . Robots Hacked . | . . . . . . Non-combat . | . . . . . . Combat . | . . . . . . Robot Hacks Applied . | . . . . . . Relay Couplers Released . | . . . . . . Fabnet Peak Effective % . | . . . . . . Robots Rewired . | . . . . . . Allies Hacked . | . . . . . . Hacks Repelled . | . . . . . . Allies | -11 -10 -10 -9 -9 -9 -------- Run | Scr Mat Min Mat Min Exi Total Allies 6 | . . 3 1 2 . Largest Group 3 | . . 3 3 2 2 Highest-Rated Group 40 | . . 40 40 38 38 Highest-Rated Ally 31 | . . 16 16 31 31 Total Orders . | . . . . . . Ally Attacks 37 | . . 1 30 6 . Total Damage 378 | . . 14 301 63 . Kills 9 | . . 1 5 3 . Allies Corrupted . | . . . . . . Allies Melted . | . . . . . . Intel | -11 -10 -10 -9 -9 -9 ------- Run | Scr Mat Min Mat Min Exi Robot Analysis Total 3 | . . 1 2 . . Derelict Logs Recovered 3 | . . 1 . 2 . Drone Launches . | . . . . . . Drone Recoveries . | . . . . . . Exploration | -11 -10 -10 -9 -9 -9 ------------- Run | Scr Mat Min Mat Min Exi Turns Passed 5774 | 113 441 1081 1520 1163 1456 Spaces Moved 2412 | 53 200 557 589 478 535 Core 1 | 1 . . . . . Treads 1367 | . . . 354 478 535 Legs . | . . . . . . Wheels 1044 | 52 200 557 235 . . Hover . | . . . . . . Flight . | . . . . . . Fastest Speed 50 | 50 90 100 105 240 160 Average Speed 176 | 88 96 100 180 240 234 Slowest Speed 240 | 90 105 115 240 240 240 Overloaded Moves . | . . . . . . Propulsion Burnouts . | . . . . . . Robots Hopped . | . . . . . . Cave-ins Triggered . | . . . . . . Exploration Rate (%) 58 | 5 23 97 60 98 70 Regions Visited 5 Branch Regions 3 Pre-discovered Areas 3 | . . 1 . 1 1 Known Exits Taken . | . . . . . . Unknown Exits Taken 5 | 1 1 1 1 1 . Scrap Searched 2 | . . 1 . 1 . Spaces Dug 4 | . 1 . 3 . . Terrain Destroyed 91 | . 1 . 69 . 21 Melee . | . . . . . . Projectile 11 | . 1 . 10 . . AOE 80 | . . . 59 . 21 Terrain Rammed . | . . . . . . Walls Destroyed . | . . . . . . Machines Disabled . | . . . . . . Actions | -11 -10 -10 -9 -9 -9 --------- Run | Scr Mat Min Mat Min Exi Total 3530 | 81 431 1024 852 493 649 Wait 770 | . 208 425 96 10 31 Move 2407 | 52 199 556 588 477 535 Hop . | . . . . . . Pick Up 39 | 6 9 4 12 2 6 Fast Attach 17 | 6 1 1 7 . 2 Attach 17 | . . 5 6 . 6 Detach 1 | . . . 1 . . Swap 44 | . 4 5 31 1 3 Drop 29 | . 2 . 14 2 11 Fire 182 | 17 8 17 94 1 45 Melee 23 | . . 11 2 . 10 Ram . | . . . . . . Kick . | . . . . . . Crush 1 | . . . 1 . . Escape Stasis . | . . . . . . Rewire . | . . . . . . Trap . | . . . . . . Miscellaneous . | . . . . . . Route ------- -11/Scrapyard -10/Materials -10/Mines (discovered 2 exits: *Mat x2) -9/Materials (discovered 5 exits: [*Mat x2] / [*Min x2] / [*Sto]) -9/Mines (discovered 3 exits: [*Mat x2] / *Exi) -9/Exiles (discovered 1 exit: [*Min]) History --------- Turn | Location | Event 20 | -11/Scrapyard | Discovered new exit (range 15) 114 | -11/Scrapyard | Entered Materials 318 | -10/Materials | Build established: Mutant 551 | -10/Materials | Discovered new exit (range 5) 555 | -10/Materials | Entered Mines 556 | -10/Mines | Assembled infested the area 878 | -10/Mines | System corruption reached 10% 917 | -10/Mines | Lost 4 parts (1p1u2w) 1155 | -10/Mines | Received a Rocket Launcher from a helpful Derelict 1196 | -10/Mines | Discovered new exit (range 5) 1229 | -10/Mines | Discovered new exit (range 9) 1254 | -10/Mines | Learned location of Zion (-7) 1267 | -10/Mines | A weapon hastily lodged in a ceiling crevice suddenly fell to the ground 1358 | -10/Mines | Assisted by bots powering up and referring to "LRC-V3" 1636 | -10/Mines | Entered Materials 1636 | -9/Materials | Accompanied by 3 allies 1636 | -9/Materials | Evolved 2 slots: Utility x2 1683 | -9/Materials | Discovered new exit (range 3) 1921 | -9/Materials | Discovered new exit (range 16) 2051 | -9/Materials | Discovered new exit (range 16) 2380 | -9/Materials | Build established: Scavenger-Mutant 2385 | -9/Materials | Discovered new exit (range 14) 2409 | -9/Materials | Repaired Lgt. Armor Plating? 2449 | -9/Materials | Repaired Lgt. Armor Plating? 2489 | -9/Materials | Repaired Lgt. Treads 3050 | -9/Materials | Discovered new exit (range 16) 3156 | -9/Materials | Entered Mines 3180 | -9/Mines | Deemed a non-threat by the Exiles lab entrance 3180 | -9/Mines | Discovered new exit (range 5) 3374 | -9/Mines | Learned location of Storage (-9) 3541 | -9/Mines | Found a damaged Exp. Sensor Array with a note attached 3548 | -9/Mines | Found Prototype Device 3961 | -9/Mines | Discovered new exit (range 13) 3983 | -9/Mines | Discovered new exit (range 10) 4050 | -9/Mines | Learned Materials non-interactive machine intel 4319 | -9/Mines | Entered Exiles 4319 | -9/Exiles | Accompanied by 2 allies 4349 | -9/Exiles | Led the pair of lost Derelicts to a safe place 4379 | -9/Exiles | Met 8R-AWN 4418 | -9/Exiles | Met EX-HEX 4535 | -9/Exiles | Met EX-DEC 4687 | -9/Exiles | Discovered new exit (range 12) 4878 | -9/Exiles | Met EX-BIN 4907 | -9/Exiles | Aligned with FarCom system 4909 | -9/Exiles | Given EX-Vault access code 4964 | -9/Exiles | Opened EX-Vault 4983 | -9/Exiles | Found Modified TNC 5030 | -9/Exiles | Warned to stay clear of 0b10 Research branches 5493 | -9/Exiles | Attacked by the Exiles 5607 | -9/Exiles | Core integrity fell below 50% 5694 | -9/Exiles | Core integrity fell below 20% 5719 | -9/Exiles | Lost 7 parts (1n4u2w) 5748 | -9/Exiles | Destroyed 8R-AWN 5770 | -9/Exiles | Found Corrupted Prototype Device 5770 | -9/Exiles | Identified AS-neutralizer No. 17b 5775 | -9/Exiles | Self-destructed Last Messages --------------- 05688_ Lgt. Armor Plating destroyed. 05692_ HV Slug penetrates Wall. 05693_ 8R-AWN suffers critical hit (Smash). 05693_ Destroyed Adv. Weapon Cycler. 05693_ 8R-AWN system corrupted by crushing effect. 05693_ Penetrated by HV Slug. 05701_ 8R-AWN suffers critical hit (Smash). 05701_ HV Slug penetrates Wall. 05704_ 8R-AWN suffers critical hit (Smash). 05704_ Destroyed Prototype Ballistic Gun. 05704_ 8R-AWN system corrupted by crushing effect. 05748_ 8R-AWN destroyed. 05763_ Acquired 120 matter. 05766_ Acquired Prototype Device. 05766_ Identified Exp. Heat Sink. 05768_ Dropped Exp. Heat Sink. 05770_ Acquired Corrupted Prototype Device. 05770_ Identified AS-neutralizer No. 17b. 05770_ Integrated Corrupted AS-neutralizer No. 17b (+4). 05771_ Dropped AS-neutralizer No. 17b. Map ----- +----------------------------------------------------+ | ?????????????????????????????????????????????????? | | ?????????????????????????????????????????????????? | | ?????????????????????????????????????????????????? | | ?????????????????????????????????????????????????? | | ??????####???????????????????????????????????????? | | ?????## ##?????????????????????????????????????? | | ?????# #?????????????????????????????????????? | | ?????# < #?????????????????????????????????????? | | ?????# ###???????????????????????????????????? | | ?????# #???????????????????????????????????? | | ?????# |! #????????????????????????????????????? | | ?????## ! #????????????????????????????????????? | | ??????# ##???????????????????????????????????? | | ??????## #????????????#######????????????????? | | ???? ??# #######??????#!!! "#????????????????? | | ????? ?# #""##?????# "#????????????????? | | ?????? ## #?????# "#????????????????? | | ??????# ##" ##???## ""#????????????????? | | ???????# "" #####" ""#????????????? ??? | | ????????# ## ##" ""#????????????" ""? | | ?????????# ## #"" #??????????????" | | ??????????# #"## #?????????????"" ? | | ???????????# ###### ##????????????"" " | | ???????????## ## #### "## # ?????? "" | | ????????????# ###" # # ???????" "? | | ????????????# !! "" @ ! # # ???????# #? | | ????????????#! " ! ## ##???### ## | | ????????????#! "#### "#####X# #" | | ????????????#! ##??# " | | ????????????# !"" " "###???#"# " | | ????????????##########?????#### | | ??????????????????????????????### | | ????????????????????????????????### | | ??????????????????????????????????## | | ???????????????????????????????????## | | ????????????????????????????????????##" | | ?????????????????????????????????????#""" | | ????????????????????????????????????##" | | ????????????????????????????????????#"" | | ????????????????????????????????????#""" | | ???????????????????????????????????#""" | | ???????????????????????????????????#""" | | ???????????????????????????????????#"" | | ???????????????????????????????????#""" | | ???????????????????????????????????#"" | | ???????????????????????????????????##"" | | ????????????????????????????????????#"""" | | ?????????????????????????????????????# | | ?????????????????????????????????????#" | | ?????????????????????????????????????#"""" | +----------------------------------------------------+ Best States ------------- Heat Dissipation 35 Energy Generation 14 Energy Capacity 280 Matter Stores 300 Matter Capacity 300 Sight Range 16 Terrain Scan Density 10 Armor Coverage 450 Evasion (%) 42 Recoil Reduction 2 Salvage Targeting 1 Item Schematics ----------------- None Robot Schematics ------------------ None Fabricated ------------ Nothing Alien Tech Used ----------------- None Achievements -------------- None Challenges ------------ None Game ------ Seed MassSubatomicReplicator Manual? 0 Play Time 00:37:02 Cumulative 519.3 hours Start 2022.04.20 @ 00:13:26 End 2022.04.20 @ 00:50:48 Sessions 3 Manual Loads 0 Difficulty Rogue Special Mode None Game No. 166 Rogue 162 Adventurer 4 Explorer 0 Win Type - Total 13 Types 6/2/3/0/0/0/1/1/0 Lore% 82 Gallery% 86 Achievement% 73 Wizard Run 0 Options --------- ASCII 1 Keyboard 0 Movement Arrows Keybinds 0 Fullscreen 1 Font 18/SmallcapsGlow Map View 76x50 Tactical HUD 1 Map Filters NONE Filters NONE Steam 1 RUN: e92e28f4-def8-4ee6-9092-060e3188f5a6